 Dungeon Crawl Stone Soup version 0.15-a0-1880-g53e602b (webtiles) character file.

79 Kenran the Ruffian (level 4, 0/28 HPs)
             Began as a Gargoyle Monk on July 5, 2014.
             Slain by an orc wizard
             ... wielding a +0 dagger
              (2 damage)
             ... on Level 3 of the Dungeon.
             The game lasted 00:05:56 (2296 turns).

Kenran the Ruffian (Gargoyle Monk)                  Turns: 2296, Time: 00:05:56

HP   0/28        AC  9     Str 16      XL: 4   Next: 38%
MP   4/4         EV 13     Int 10      God:
Gold 80          SH  0     Dex 15      Spells:  0 memorised,  3 levels left

rFire  . . .     SeeInvis .       - Unarmed
rCold  . . .     Clarity  .     a - +0 robe
rNeg   + . .     rCorr    .     (no shield)
rPois  +         rRot     +     c - +1 helmet
rElec  +         Spirit   .     h - +0 cloak
SustAb .         Warding  .     (no gloves)
rMut   .         Stasis   .     b - +0 pair of boots
Gourm  .                        (no amulet)
MR     .....                    (no ring)
                                j - +3 ring of dexterity

@: not resistant to hostile enchantments, unstealthy
A: negative energy resistance 1, electricity resistance, unbreathing,
petrification resistance, rot immunity, AC +3
a: no special abilities


You were on level 3 of the Dungeon.
You were not hungry.

You visited 1 branch of the dungeon, and saw 3 of its levels.

You collected 80 gold pieces.

Inventory:

Armour
 a - a +0 robe (worn)
 b - a +0 pair of boots (worn)
 c - a +1 helmet (worn)
 h - a +0 cloak (worn)
Magical devices
 e - a wand of teleportation (4) {unknown}
Comestibles
 k - 2 meat rations
 m - a bread ration
Jewellery
 j - a +3 ring of dexterity (left hand)
Potions
 d - a potion of might {unknown}
 g - a potion of curing {unknown}


   Skills:
 - Level 3.2 Fighting
 - Level 2.4 Dodging
 - Level 2.1 Stealth
 + Level 5.7 Unarmed Combat


You had 3 spell levels left.
You didn't know any spells.

Dungeon Overview and Level Annotations

Branches:
Dungeon (3/15)

Altars:
Nemelex Xobeh
Okawaru


Innate Abilities, Weirdness & Mutations

You are resistant to torment.
You are immune to poison.
Your stone body is very resilient (AC +3).
You resist negative energy.
You are resistant to electric shocks.
You can survive without breathing.
You are immune to petrification.
You are immune to rotting.


Message History

The orc wizard hits you but does no damage.
The orc wizard hits you with a dagger.
* * * LOW HITPOINT WARNING * * *
The orc hits you but does no damage.
You hit the orc wizard but do no damage.
The orc wizard is almost dead.
The orc wizard hits you but does no damage.
The orc wizard points at you and mumbles some strange words.
The magic dart hits you!
* * * LOW HITPOINT WARNING * * *
The orc hits you but does no damage. The crimson imp hits you.
* * * LOW HITPOINT WARNING * * *
The orc hits you with a dagger.
* * * LOW HITPOINT WARNING * * *
The orc wizard hits you with a dagger.
* * * LOW HITPOINT WARNING * * *
You completely miss the orc wizard.
The orc wizard is almost dead.
The orc wizard hits you with a dagger.
You die...

. #. #. ##.### ....# ##
###.#.####. .........< #
#######o#o## #%## .#
.......o@o.# #.###.#
.......5#..# #<...####..
########..####.........#
#.....%.....#####
#.########### #.# ..#
#.## #.


You could see 2 orc wizards, a crimson imp and 2 orcs.

Vanquished Creatures
  An adder (D:2)
  A worm (D:3)
  4 giant geckos
  An ooze (D:1)
  An orc (D:3)
  2 ball pythons
  9 bats
  4 giant cockroaches
  5 hobgoblins
  4 jackals (D:2)
  5 giant newts
  6 goblins
  6 kobolds
  7 rats
  A bush (D:1)
57 creatures vanquished.

Vanquished Creatures (others)
  A plant (D:1)
1 creature vanquished.

Grand Total: 58 creatures vanquished

Notes
Turn   | Place    | Note
--------------------------------------------------------------
     0 | D:1      | Kenran, the Gargoyle Monk, began the quest for the Orb.
     0 | D:1      | Reached XP level 1. HP: 14/14 MP: 1/1
   235 | D:1      | Reached XP level 2. HP: 10/19 MP: 2/2
   557 | D:1      | Reached XP level 3. HP: 23/23 MP: 3/3
   594 | D:1      | Reached skill level 5 in Unarmed Combat
  1554 | D:2      | Reached XP level 4. HP: 24/28 MP: 4/4
  1766 | D:2      | Found a sparkling altar of Nemelex Xobeh.
  2183 | D:2      | Found an iron altar of Okawaru.
  2296 | D:3      | Slain by an orc wizard

Action                   |  1- 3 |  4- 6 || total
-------------------------+-------+-------++-------
Melee: Unarmed           |   234 |    61 ||   295
  Use: Scroll            |     2 |     3 ||     5
       Potion            |     1 |       ||     1
 Stab: Sleeping          |     5 |     2 ||     7
       Distracted        |     1 |       ||     1
